AoeStats
← Shredded_Pork

Black Forest

506395721Analyzed
4v4 RM · 19d ago on Sep 13, 2026· 75m 44s· 8 players
Game mode
Random Map
Map size
Large (8 player)
Population
200
Speed
Normal
Resources
Standard
Victory
Conquest
Starting age
Dark Age
Ending age
Imperial Age
RankedLock teamsTeams togetherTeam positionsShared explorationLock speedFull tech treeHidden civsTurbo modeCheats
Victory
Defeat
🇨🇳 Spanish · China
559
+24
🇧🇷 Goths · Brazil
555
+24
528
+25
🇳🇴 Turks · Norway
496
+26
🇨🇳 Huns · China
846
-78
🇨🇳 Vietnamese · China
757
-25
🇨🇴 Koreans · Colombia
710
-24
🇨🇳 Huns · China
651
-22
Perones
0:28 Loom
12:11 Feudal Age
13:43 Wheelbarrow
12:51 Horse Collar
12:59 Double-Bit Axe
20:34 Castle Age
18:51 Stone Mining
18:52 Gold Mining
21:54 Hand Cart
23:32 Heavy Plow
24:09 Bow Saw
25:55 Forging
25:47 Scale Mail Armor
27:07 Caravan
30:53 Chain Mail Armor
30:31 Fletching
31:04 Chain Mail Armor
31:05 Squires
30:26 Pikeman
30:26 Man-at-Arms
35:36 Imperial Age
33:48 Iron Casting
33:09 Bodkin Arrow
34:29 Long Swordsman
37:25 Blast Furnace
36:26 Bracer
37:32 Two-Man Saw
37:05 Crop Rotation
38:16 Conscription
38:14 Two-Handed Swordsman
39:18 Perfusion
39:49 Halberdier
62:44 Champion
Varg_1960
1:14 Loom
11:36 Feudal Age
12:03 Double-Bit Axe
15:04 Gold Mining
15:16 Stone Mining
23:49 Castle Age
23:46 Bloodlines
24:33 Husbandry
25:04 Town Watch
25:38 Horse Collar
26:17 Bow Saw
33:24 Imperial Age
34:50 Forging
34:43 Scale Mail Armor
36:32 Iron Casting
36:45 Elite Janissary
38:44 Conscription
39:21 Padded Archer Armor
42:16 Wheelbarrow
Man_at_arms_rush_FC
11:14 Loom
13:00 Feudal Age
19:58 Castle Age
18:47 Horse Collar
18:56 Double-Bit Axe
19:04 Gold Mining
21:37 Heavy Plow
21:49 Bow Saw
22:18 Gold Shaft Mining
26:12 Stone Mining
30:35 Two-Man Saw
30:09 Crop Rotation
30:17 Stone Shaft Mining
31:42 Wheelbarrow
35:11 Imperial Age
32:57 Hand Cart
33:30 Town Watch
33:53 Burgundian Vineyards
34:48 Town Patrol
38:04 Forging
37:59 Scale Barding Armor
38:24 Conscription
40:13 Iron Casting
39:58 Chain Barding Armor
39:58 Herbal Medicine
40:37 Husbandry
39:58 Cavalier
42:46 Blast Furnace
42:42 Plate Barding Armor
41:38 Paladin
45:11 Fletching
52:20 Bodkin Arrow
52:25 Padded Archer Armor
54:47 Ballistics
54:23 Murder Holes
54:37 Bracer
62:13 Chemistry
67:26 Padded Archer Armor
71:09 Leather Archer Armor
Nightshade
0:30 Loom
15:50 Feudal Age
16:16 Double-Bit Axe
16:12 Horse Collar
21:35 Wheelbarrow
24:52 Castle Age
23:04 Gold Mining
23:04 Stone Mining
27:29 Fortified Wall
28:26 Bloodlines
28:45 Masonry
29:38 Heavy Plow
29:51 Bow Saw
29:46 Caravan
31:16 Stone Shaft Mining
32:33 Ballistics
32:10 Murder Holes
36:22 Imperial Age
33:40 Town Watch
36:25 Thumb Ring
35:42 Elite Skirmisher
36:25 Husbandry
36:14 Gambesons
36:29 Squires
35:50 Pikeman
36:57 Scale Barding Armor
36:43 Fletching
36:54 Padded Archer Armor
37:53 Conscription
38:21 Hand Cart
39:46 Two-Man Saw
39:42 Hoardings
40:09 Town Patrol
39:33 Halberdier
40:12 Bodkin Arrow
40:38 Chain Barding Armor
40:19 Padded Archer Armor
41:24 Chemistry
41:18 Bracer
41:11 Elite Conquistador
43:16 Leather Archer Armor
43:37 Plate Barding Armor
43:40 Architecture
44:37 Supremacy
51:48 Ring Archer Armor
57:07 Redemption
57:18 Sanctity
57:18 Heresy
57:34 Theocracy
56:59 Devotion
57:26 Illumination
57:11 Fervor
57:17 Block Printing
56:57 Herbal Medicine
LReyes4029
1:27 Loom
17:11 Feudal Age
18:04 Double-Bit Axe
18:50 Horse Collar
20:44 Wheelbarrow
21:09 Town Watch
22:01 Wheelbarrow
26:13 Gold Mining
27:38 Stone Mining
30:03 Castle Age
28:05 Fletching
29:16 Forging
28:57 Arson
31:48 Gold Shaft Mining
32:21 Heavy Plow
32:34 Bow Saw
32:43 Thumb Ring
32:36 Bodkin Arrow
36:44 Imperial Age
34:28 Fortified Wall
35:15 Caravan
38:28 Two-Man Saw
38:00 Conscription
39:13 Chemistry
37:57 Treadmill Crane
38:42 Ballistics
40:34 Hand Cart
40:55 Siege Engineers
41:24 Bracer
41:46 Eupseong
43:13 Town Patrol
43:01 Treadmill Crane
43:32 Masonry
43:35 Scale Mail Armor
44:53 Pikeman
44:56 Elite Skirmisher
46:56 Guilds
47:29 Iron Casting
47:10 Chain Mail Armor
48:34 Shinkichon
47:58 Halberdier
48:41 Squires
49:56 Heavy Rocket Cart
50:01 Imperial Skirmisher
51:18 Plate Mail Armor
52:18 Scale Barding Armor
57:03 Chain Barding Armor
63:26 Architecture
62:52 Murder Holes
Shredded_Pork
11:07 Feudal Age
11:43 Double-Bit Axe
11:41 Horse Collar
19:44 Castle Age
17:53 Stone Mining
20:52 Heavy Plow
21:06 Bow Saw
21:08 Gold Mining
21:54 Stone Shaft Mining
32:18 Imperial Age
31:06 Wheelbarrow
31:16 Ballistics
31:19 Padded Archer Armor
31:09 Fletching
31:30 Forging
31:20 Scale Mail Armor
31:25 Scale Barding Armor
31:56 Squires
32:51 Hand Cart
33:23 Paper Money
34:23 Two-Man Saw
33:31 Husbandry
33:42 Bloodlines
33:50 Chatras
34:26 Crop Rotation
36:02 Chain Barding Armor
35:57 Chain Mail Armor
36:18 Iron Casting
35:38 Bodkin Arrow
35:59 Leather Archer Armor
36:50 Chemistry
36:38 Thumb Ring
38:12 Bloodlines
39:25 Plate Barding Armor
39:20 Plate Mail Armor
44:25 Ring Archer Armor
43:56 Bracer
46:08 Caravan
54:02 Light Cavalry
62:01 Elite Skirmisher
62:52 Imperial Skirmisher
bluetiger74
0:30 Loom
14:44 Feudal Age
15:11 Double-Bit Axe
15:21 Stone Mining
15:33 Gold Mining
15:39 Town Watch
15:57 Horse Collar
18:32 Wheelbarrow
21:05 Bloodlines
25:17 Castle Age
25:21 Fletching
25:43 Forging
25:34 Scale Mail Armor
25:40 Scale Barding Armor
26:04 Heavy Plow
26:10 Elite Skirmisher
26:14 Pikeman
28:00 Bow Saw
28:31 Gold Shaft Mining
29:49 Husbandry
30:19 Hand Cart
30:31 Chain Barding Armor
30:36 Ballistics
33:22 Marauders
33:43 Murder Holes
33:59 Masonry
34:57 Town Patrol
41:40 Imperial Age
41:45 Elite Tarkan
42:53 Conscription
42:04 Sappers
44:09 Atheism
46:48 Sappers
49:33 Halberdier
51:07 Plate Barding Armor
50:50 Imperial Skirmisher
51:38 Heavy Cavalry Archer
56:14 Parthian Tactics
70:02 Chain Mail Armor
70:23 Iron Casting
1143516068
11:41 Feudal Age
12:21 Horse Collar
22:28 Castle Age
22:16 Double-Bit Axe
22:28 Stone Mining
22:31 Gold Mining
25:19 Gold Shaft Mining
26:16 Heavy Plow
28:31 Bow Saw
28:26 Town Watch
29:19 Wheelbarrow
31:51 Ballistics
34:35 Imperial Age
34:43 Imperial Age
34:51 Man-at-Arms
35:17 Elite Skirmisher
35:19 Crossbowman
39:16 Long Swordsman
43:53 Two-Handed Swordsman
44:57 Pikeman
46:08 Halberdier
50:18 Imperial Skirmisher
53:27 Squires
62:13 Cavalier
63:34 Husbandry
64:30 Paladin
67:03 Paladin
Connection lost

Rejoining the realm…

Still unreachable

The connection could not be restored.

Session expired

The server has moved on; the page needs a fresh start.